 Dungeon Crawl Stone Soup version 0.31-a0-188-g5e087ee2ca (webtiles) character file.

Game seed: 18437815190191508777

94 qw the Shooter (level 4, -3/25 HPs)
             Began as a Deep Elf Hunter on June 23, 2023.
             Slain by a gnoll
             ... wielding a +0 flail
              (8 damage)
             ... on level 3 of the Dungeon.
             The game lasted 00:00:41 (1629 turns).

qw the Shooter (Deep Elf Hunter)                    Turns: 1629, Time: 00:00:42

Health: -3/25      AC:  7    Str: 10    XL:     4   Next: 38%
Magic:  6/6        EV: 11    Int: 17    God:
Gold:   84         SH:  0    Dex: 18    Spells: 3/3 levels left

rFire   . . .        Y - +1 arbalest (elec)
rCold   + . .        (shield currently unavailable)
rNeg    . . .        k - +0 ring mail of the Realm of Zot {rC+ Int+3}
rPois   .            (no helmet)
rElec   .            e - +0 cloak
rCorr   .            (no gloves)
SInv    .            f - +0 pair of boots
Will    .....        (no amulet)
Stlth   +            (no ring)
HPRegen 0.24/turn    (no ring)
MPRegen 0.10/turn

%: no passive effects
@: no status effects
A: no striking features
a: no special abilities


You were on level 3 of the Dungeon.
You visited 1 branch of the dungeon, and saw 3 of its levels.

You collected 84 gold pieces.


   Skills:
 - Level 1.5 Fighting
 + Level 7.8 Ranged Weapons
 - Level 2.4 Dodging
 - Level 1.2 Stealth


You had 3 spell levels left.
You didn't know any spells.
Your spell library was empty.

Inventory:

Hand Weapons
 Y - a +1 arbalest of electrocution (weapon)
Armour
 e - a +0 cloak (worn)
 f - a +0 pair of boots (worn)
 k - the +0 ring mail of the Realm of Zot (worn) {rC+ Int+3}
   (You found it on level 2 of the Dungeon)

   Int:       It affects your intelligence (+3).
   rC:        It protects you from cold.
Jewellery
 i - a ring of ice
Potions
 a - a potion of might {unknown}
 h - a potion of heal wounds {unknown}

Dungeon Overview and Level Annotations

Branches:
Dungeon (3/15)

Altars:


Message History

You shoot a bolt. The bolt hits the gnoll.
Lightning courses through the gnoll!
You kill the gnoll!
You have reached level 4!
You feel clever.
You shoot a bolt. The bolt hits the frilled lizard.
You kill the frilled lizard!
You shoot a bolt. The bolt completely misses the rat.
You shoot a bolt.
The bolt hits the rat but does no damage.
You shoot a bolt. The bolt completely misses the rat.
The rat closely misses you.
You shoot a bolt. The bolt hits the rat.
The rat is heavily wounded.
The rat bites you but does no damage. x2
A gnoll comes into view. It is wielding a +0 whip.
A gnoll comes into view. It is wielding a +0 flail.
You shoot a bolt. The gnoll shouts! x2
The bolt hits the rat!
You kill the rat!
You hear a shout!
A gnoll comes into view. It is wielding a +0 flail.
You shoot a bolt. The bolt barely misses the gnoll.
You shoot a bolt. The bolt hits the gnoll!
The gnoll is severely wounded.
The gnoll hits you but does no damage.
You shoot a bolt. The bolt hits the gnoll!!
Lightning courses through the gnoll!
You kill the gnoll!
You shoot a bolt. The bolt hits the gnoll!
The gnoll is almost dead.
The gnoll hits you with a +0 flail! The gnoll hits you but does no damage.
You shoot a bolt. The bolt barely misses the gnoll.
The bolt closely misses the gnoll.
The gnoll hits you with a +0 flail. The gnoll closely misses you.
You shoot a bolt. The bolt hits the gnoll!
You kill the gnoll!
You shoot a bolt. The bolt closely misses the gnoll.
The gnoll completely misses you. The gnoll hits you with a +0 flail.
You shoot a bolt. The bolt barely misses the gnoll.
The gnoll hits you with a +0 flail! x2
You die...

....# ..%.
)... #>. #..
#.#
#g###########
#@..........#
#..#########.#
.....# #.#
####..# #.#
##.# #.# #.##
#.# #..# #.#
#..##### #.#
#......# #.#


You could see a gnoll.

Vanquished Creatures
  3 gnolls (D:3)
  An adder (D:2)
  14 ball pythons
  9 endoplasms
  5 goblins
  5 hobgoblins
  2 jackals (D:1)
  4 kobolds
  2 quokkas (D:1)
  2 bats (D:2)
  3 frilled lizards
  6 rats
56 creatures vanquished.

Notes
Turn   | Place    | Note
-------+----------+-------------------------------------------
     0 | D:1      | qw the Deep Elf Hunter began the quest for the Orb.
     0 | D:1      | Reached XP level 1. HP: 12/12 MP: 3/3
     0 | D:1      | 0 ||| qw: Version: 0.3-a-9-g12657ce
     0 | D:1      | 0 ||| qw: Game counter: 4413
     0 | D:1      | 0 ||| qw: Always use a shield: true
     0 | D:1      | 0 ||| qw: God list: Okawaru
     0 | D:1      | 0 ||| qw: Allow faded altars: false
     0 | D:1      | 0 ||| qw: Do Orc after D:15 true
     0 | D:1      | 0 ||| qw: Do second Lair branch before Depths: true
     0 | D:1      | 0 ||| qw: Lair rune preference: random
     0 | D:1      | 0 ||| qw: Plans: Normal
     0 | D:1      | 0 ||| PLANNING D:1-11
    94 | D:1      | Reached XP level 2. HP: 16/16 MP: 4/4
    98 | D:1      | Reached skill level 6 in Ranged Weapons
   485 | D:1      | Reached XP level 3. HP: 20/20 MP: 5/5
   720 | D:1      | 720 ||| UPGRADING to +0 ring mail.
   730 | D:1      | 730 ||| DROPPING +0 leather armour.
   731 | D:1      | 731 ||| UPGRADING to +0 cloak.
   736 | D:1      | 736 ||| UPGRADING to +0 pair of boots.
   741 | D:1      | 741 ||| DROPPING +0 leather armour of cold resistance.
   742 | D:1      | 742 ||| READING scroll labelled SANEUT KYUFI.
   743 | D:1      | 743 ||| DROPPING scroll of butterflies.
   769 | D:2      | Found a faded altar of an unknown god.
   833 | D:2      | Reached skill level 7 in Ranged Weapons
  1121 | D:2      | Identified the +0 ring mail of the Realm of Zot {rC+ Int+3}
  1327 | D:2      | 1327 ||| UPGRADING to +0 ring mail of the Realm of Zot {rC+
                  | Int+3}.
  1337 | D:2      | 1337 ||| DROPPING +0 ring mail.
  1338 | D:2      | 1338 ||| READING scroll labelled SEIV GOQIOLODO.
  1343 | D:2      | 1343 ||| READING scroll labelled LUICIH TISU.
  1343 | D:2      | Identified a scroll of acquirement
  1343 | D:2      | 1343 ||| ACQUIRING +1 arbalest of electrocution
  1343 | D:2      | Acquired a +1 arbalest of electrocution
  1345 | D:2      | 1345 ||| SWAPPING to +1 arbalest of electrocution.
  1346 | D:2      | 1346 ||| DROPPING +0 shortbow.
  1347 | D:2      | 1347 ||| READING scroll labelled FEL GAISOTROD.
  1348 | D:2      | 1348 ||| DRINKING 2 puce potions.
  1350 | D:2      | 1350 ||| Stepping ~*~*~tactically~*~*~ (cloud).
  1351 | D:2      | 1351 ||| DRINKING potion of curing.
  1351 | D:2      | 1351 ||| (to cure poison)
  1616 | D:3      | Reached XP level 4. HP: 25/25 MP: 6/6
  1629 | D:3      | HP: 5/25 [gnoll/+0 flail (8)]
  1629 | D:3      | Slain by a gnoll

Levels and vault maps discovered:
D:1:      evilmike_arrival_crescent, layout_loops_ring
D:2:      layout_basic, nicolae_ecumenical_snake_handling
D:3:      layout_basic, grunt_temple_overflow_cloverleaf, minivault_5,
          uniq_terence

Skill      XL: |  1  2  3 |
---------------+----------+-----
Ranged Weapons | 6 7 |  7.8
Fighting       | |  1.5
Dodging        | |  2.4
Stealth        | |  1.2

Action                     |  1- 3 |  4- 6 || total
---------------------------+-------+-------++-------
   Fire: Shortbow          |   112 |       ||   112
         Arbalest          |    12 |    14 ||    26
    Use: Scroll            |     4 |       ||     4
         Potion            |     2 |       ||     2
 Armour: Leather armour    |     4 |       ||     4
         Ring mail         |    15 |     4 ||    19
  Dodge: Dodged            |    29 |     3 ||    32

Table legend:
 A = Non-vault XP
 B = Vault XP
 C = Vault XP percentage of total XP
 D = Non-vault monster count
 E = Vault monster count
 F = Vault count percentage of total count
                 A         B        C        D         E       F
            +---------+---------+-------+---------+---------+-------
      Total |     129 |       6 |   4.4 |      51 |       5 |   8.9
            +---------+---------+-------+---------+---------+-------
        D:1 |      43 |       0 |   0.0 |      25 |       0 |   0.0
        D:2 |      37 |       6 |  14.0 |      18 |       5 |  21.7
        D:3 |      49 |       0 |   0.0 |       8 |       0 |   0.0
            +---------+---------+-------+---------+---------+-------
